BSA
HOUSTON MARSHALS @ MADISON BOMBERS
08/12/2026
 
TOP OF THE 1ST
Toronto Titans batting - Pitching for Madison Bombers : LHP Bill Moore
Pitching: LHP Bill Moore
Batting: SHB Ramón Lugo 0-0: Ball
1-0: Called Strike
1-1: Foul Ball, location: 2F
1-2: Strikes out swinging
Batting: LHB Lewis Barr 0-0: Ground out 3-1 (Groundball, 34)
Batting: LHB José Rodríguez 0-0: DOUBLE (Flyball, 9LD) - OUT at third base trying to stretch hit.
Top of the 1st over - 0 run(s), 1 hit(s), 0 error(s), 0 left on base; Toronto 0 - Madison 0
BOTTOM OF THE 1ST
Madison Bombers batting - Pitching for Toronto Titans : RHP Ralph Willaims
Pitching: RHP Ralph Willaims
Batting: LHB Robin Hill 0-0: Ball
1-0: Reached on error, E6 (Groundball, 6M)
Batting: RHB Alonso Holguín 0-0: Swinging Strike
0-1: Ball
1-1: Foul Ball, location: 2F
1-2: Ball
2-2: Ball
3-2: Fly out, F8 (Flyball, 78M)
Batting: LHB Seung-chun Mun 0-0: Called Strike
0-1: Ground out 4-3 (Groundball, 13)
Robin Hill to third
Batting: RHB Vicente Aguirre 0-0: Ball
1-0: DOUBLE (Line Drive, 89D)
Robin Hill scores
Batting: LHB Mike Callahan 0-0: Ball
1-0: Foul Ball, location: 2F
1-1: Ball
2-1: Ball
3-1: Ground out 6-3 (Groundball, 6M)
Bottom of the 1st over - 1 run(s), 1 hit(s), 1 error(s), 1 left on base; Toronto 0 - Madison 1
TOP OF THE 2ND
Toronto Titans batting - Pitching for Madison Bombers : LHP Bill Moore
Batting: LHB Roberto García 0-0: Called Strike
0-1: SINGLE (Groundball, 4MD)
Batting: SHB Álex Rosado 0-0: Called Strike
0-1: Foul Ball, location: 2F
0-2: Ball
1-2: Ground out U3 (Groundball, 3S)
Roberto García to second
Batting: RHB Jim Tracy 0-0: Ball
1-0: Ball
2-0: Called Strike
2-1: Ball
3-1: Swinging Strike
3-2: Foul Ball, location: 2F
3-2: Base on Balls
Batting: RHB Pedro Rosado 0-0: Ball
1-0: Ball
2-0: SINGLE (Line Drive, 4M)
Roberto García to third
Jim Tracy to second
Runner from 3rd tries for Home, SAFE, throw made home
Jim Tracy to third
Pedro Rosado to second
Batting: LHB Matt Smith 0-0: Foul Ball, location: 2F
0-1: Ball
1-1: Called Strike
1-2: Strikes out swinging
Batting: RHB Cordell Gibson 0-0: Called Strike
0-1: Foul Ball, location: 2F
0-2: Ball
1-2: Fly out, F7 (Flyball, 7M)
Top of the 2nd over - 1 run(s), 2 hit(s), 0 error(s), 2 left on base; Toronto 1 - Madison 1
BOTTOM OF THE 2ND
Madison Bombers batting - Pitching for Toronto Titans : RHP Ralph Willaims
Batting: RHB Sergio Márquez 0-0: Swinging Strike
0-1: Ball
1-1: Ground out 5-3 (Groundball, 5)
Batting: RHB Quinton Martínez 0-0: Foul Ball, location: 2F
0-1: Ball
1-1: Fly out, F7 (Flyball, 78XD)
Batting: RHB Guo-xiu Choi 0-0: Ground out 6-3 (Groundball, 6M)
Bottom of the 2nd over - 0 run(s), 0 hit(s), 0 error(s), 0 left on base; Toronto 1 - Madison 1
TOP OF THE 3RD
Toronto Titans batting - Pitching for Madison Bombers : LHP Bill Moore
Batting: SHB Ramón Lugo 0-0: Ball
1-0: Ground out 5-3 (Groundball, 15S)
Batting: LHB Lewis Barr 0-0: Swinging Strike
0-1: Swinging Strike
0-2: Foul Ball, location: 2F
0-2: Ball
1-2: Foul Ball, location: 2F
1-2: Fly out, F9 (Flyball, 9D)
Batting: LHB José Rodríguez 0-0: Ball
1-0: Fly out, F7 (Flyball, 7M)
Top of the 3rd over - 0 run(s), 0 hit(s), 0 error(s), 0 left on base; Toronto 1 - Madison 1
BOTTOM OF THE 3RD
Madison Bombers batting - Pitching for Toronto Titans : RHP Ralph Willaims
Batting: SHB Dave MacThomas 0-0: Foul Ball, location: 2F
0-1: Ball
1-1: Fly out, F8 (Flyball, 8LM)
Batting: LHB Robin Hill 0-0: Ground out 4-3 (Groundball, 4M)
Batting: RHB Alonso Holguín 0-0: Ball
1-0: Ground out 6-3 (Groundball, 6)
Bottom of the 3rd over - 0 run(s), 0 hit(s), 0 error(s), 0 left on base; Toronto 1 - Madison 1
TOP OF THE 4TH
Toronto Titans batting - Pitching for Madison Bombers : LHP Bill Moore
Batting: LHB Roberto García 0-0: Ball
1-0: Ball
2-0: Ball
3-0: SINGLE (Flyball, 9S)
Batting: SHB Álex Rosado 0-0: SINGLE (Groundball, 34D)
Roberto García to second
Runner from 2nd tries for 3rd, SAFE, throw made to third
Batting: RHB Jim Tracy 0-0: Foul Ball, location: 2F
0-1: Called Strike
0-2: Foul Ball, location: 2F
0-2: Ball
1-2: Foul Ball, location: 2F
1-2: Ball
2-2: SINGLE (Groundball, 5D)
Roberto García scores
Álex Rosado to second
Batting: RHB Pedro Rosado 0-0: Fly out, F6 (Popup, 6)
Batting: LHB Matt Smith 0-0: Ball
1-0: Called Strike
1-1: Grounds into double play, 6-4-3 (Groundball, 6M)
Top of the 4th over - 1 run(s), 3 hit(s), 0 error(s), 1 left on base; Toronto 2 - Madison 1
BOTTOM OF THE 4TH
Madison Bombers batting - Pitching for Toronto Titans : RHP Ralph Willaims
Batting: LHB Seung-chun Mun 0-0: Foul Ball, location: 2F
0-1: Ball
1-1: Ball
2-1: Ball
3-1: Foul Ball, location: 2F
3-2: Foul Ball, location: 2F
3-2: Ground out 1-3 (Groundball, 15)
Batting: RHB Vicente Aguirre 0-0: Ground out 5-3 (Groundball, 56)
Batting: LHB Mike Callahan 0-0: Ball
1-0: Called Strike
1-1: Swinging Strike
1-2: Ball
2-2: Ball
3-2: Foul Ball, location: 2F
3-2: Base on Balls
Batting: RHB Sergio Márquez 0-0: Ball
1-0: Called Strike
1-1: Foul Ball, location: 2F
1-2: Foul Ball, location: 2F
1-2: Foul Ball, location: 2F
1-2: SINGLE (Groundball, 56)
Mike Callahan to second
Batting: RHB Quinton Martínez 0-0: Swinging Strike
0-1: Swinging Strike
0-2: Ball
1-2: Ball
2-2: Ball
3-2: SINGLE (Groundball, 15) (infield hit)
Mike Callahan to third
Sergio Márquez to second
Batting: RHB Guo-xiu Choi 0-0: Ball
1-0: Foul Ball, location: 2F
1-1: Swinging Strike
1-2: Ball
2-2: Fly out, F6 (Popup, 6)
Bottom of the 4th over - 0 run(s), 2 hit(s), 0 error(s), 3 left on base; Toronto 2 - Madison 1
TOP OF THE 5TH
Toronto Titans batting - Pitching for Madison Bombers : LHP Bill Moore
Batting: RHB Cordell Gibson 0-0: Ball
1-0: Foul Ball, location: 2F
1-1: Ball
2-1: Ground out 5-3 (Groundball, 5S)
Batting: SHB Ramón Lugo 0-0: Ball
1-0: Swinging Strike
1-1: Called Strike
1-2: Foul Ball, location: 2F
1-2: Foul Ball, location: 2F
1-2: Foul Ball, location: 2F
1-2: SINGLE (Flyball, 6MD)
Batting: LHB Lewis Barr 0-0: Ball
1-0: Ball
2-0: Ball
3-0: Foul Ball, location: 2F
3-1: Foul Ball, location: 2F
3-2: Strikes out swinging
Batting: LHB José Rodríguez 0-0: Ball
1-0: Called Strike
1-1: Ball
2-1: 2-RUN HOME RUN (Flyball, 9D), Distance : 367 ft
Batting: LHB Roberto García 0-0: Ball
1-0: Swinging Strike
1-1: Called Strike
1-2: SINGLE (Line Drive, 34)
Batting: SHB Álex Rosado 0-0: Ball
1-0: Swinging Strike
1-1: Foul Ball, location: 2F
1-2: Ball
2-2: SINGLE (Line Drive, 78S)
Roberto García to second
Batting: RHB Jim Tracy 0-0: Swinging Strike
0-1: Ball
1-1: Foul Ball, location: 2F
1-2: Ball
2-2: Foul Ball, location: 2F
2-2: Ball
3-2: Fly out, F9 (Flyball, 89S)
Top of the 5th over - 2 run(s), 4 hit(s), 0 error(s), 2 left on base; Toronto 4 - Madison 1
BOTTOM OF THE 5TH
Madison Bombers batting - Pitching for Toronto Titans : RHP Ralph Willaims
Batting: SHB Dave MacThomas 0-0: Ball
1-0: DOUBLE (Groundball, 3L)
Batting: LHB Robin Hill 0-0: Ball
1-0: Called Strike
1-1: Ball
2-1: Called Strike
2-2: Ball
3-2: Fly out, F7 (Flyball, 7M)
Batting: RHB Alonso Holguín 0-0: SINGLE (Groundball, 6MD) (infield hit)
Dave MacThomas to third
Batting: LHB Seung-chun Mun 0-0: Swinging Strike
0-1: Foul Ball, location: 2F
0-2: SINGLE (Groundball, 56D)
Dave MacThomas scores
Alonso Holguín to second
Batting: RHB Vicente Aguirre 0-0: Foul Ball, location: 2F
0-1: Ball
1-1: Foul Ball, location: 2F
1-2: Strikes out swinging
Batting: LHB Mike Callahan 0-0: Ball
1-0: DOUBLE (Flyball, 8RXD)
Alonso Holguín scores
Seung-chun Mun to third
Runner from 3rd tries for Home, SAFE, no throw or cutoff
Batting: RHB Sergio Márquez 0-0: Ball
1-0: Swinging Strike
1-1: DOUBLE (Line Drive, 78D)
Mike Callahan scores
Batting: RHB Quinton Martínez 0-0: Foul Ball, location: 2F
0-1: Ball
1-1: SINGLE (Groundball, 15S) (infield hit)
Sergio Márquez to third
Batting: RHB Guo-xiu Choi 0-0: Called Strike
0-1: Ball
1-1: Ball
2-1: Foul Ball, location: 2F
2-2: Foul Ball, location: 2F
2-2: Foul Ball, location: 2F
2-2: Ball
3-2: Foul Ball, location: 2F
3-2: Fly out, F9 (Flyball, 9S)
Bottom of the 5th over - 4 run(s), 6 hit(s), 0 error(s), 2 left on base; Toronto 4 - Madison 5
TOP OF THE 6TH
Toronto Titans batting - Pitching for Madison Bombers : LHP Bill Moore
Pitching: RHP Bill Bygrove
Batting: RHB Pedro Rosado 0-0: Ball
1-0: Ball
2-0: Called Strike
2-1: Ball
3-1: Called Strike
3-2: Foul Ball, location: 2F
3-2: SINGLE (Groundball, 13) (infield hit)
Batting: LHB Matt Smith 0-0: Ball
1-0: Ball
2-0: Called Strike
2-1: Ball
3-1: Foul Ball, location: 2F
3-2: Strikes out looking
Batting: RHB Cordell Gibson 0-0: Ball
1-0: Ball
2-0: Called Strike
2-1: SINGLE (Groundball, 6D)
Pedro Rosado to second
Batting: SHB Ramón Lugo 0-0: Ball
1-0: Called Strike
1-1: Called Strike
1-2: Ball
2-2: Ball
3-2: Fly out, F9 (Line Drive, 9LD)
Runner from 2nd tags up, SAFE at 3rd, no throw
Batting: LHB Lewis Barr 0-0: Ball
1-0: Ball
2-0: Ball
3-0: Called Strike
3-1: Foul Ball, location: 2F
3-2: SINGLE (Groundball, 34)
Pedro Rosado scores
Cordell Gibson to second
Cordell Gibson to third
Batting: LHB José Rodríguez 0-0: Swinging Strike
0-1: Ball
1-1: Foul Ball, location: 2F
1-2: Ball
2-2: Ground out 4-3 (Groundball, 34)
Top of the 6th over - 1 run(s), 3 hit(s), 0 error(s), 2 left on base; Toronto 5 - Madison 5
BOTTOM OF THE 6TH
Madison Bombers batting - Pitching for Toronto Titans : RHP Ralph Willaims
Batting: SHB Dave MacThomas 0-0: Ground out 5-3 (Groundball, 56)
Batting: LHB Robin Hill 0-0: Fly out, F7 (Flyball, 7LMF)
Batting: RHB Alonso Holguín 0-0: Ball
1-0: SINGLE (Line Drive, 56D)
Batting: LHB Seung-chun Mun 0-0: Ball
1-0: Foul Ball, location: 2F
1-1: Foul Ball, location: 2F
1-2: Ball
2-2: Strikes out swinging
Bottom of the 6th over - 0 run(s), 1 hit(s), 0 error(s), 1 left on base; Toronto 5 - Madison 5
TOP OF THE 7TH
Toronto Titans batting - Pitching for Madison Bombers : RHP Bill Bygrove
Batting: LHB Roberto García 0-0: Foul Ball, location: 2F
0-1: Foul Ball, location: 2F
0-2: Ball
1-2: SINGLE (Line Drive, 4MD)
Batting: SHB Álex Rosado 0-0: Ball
1-0: Ball
2-0: Ball
3-0: Fly out, F7 (Flyball, 78M)
Pinch Hitting: LHB Kent MacDulothe 0-0: Ball
1-0: Ball
2-0: Ball
3-0: Base on Balls
Roberto García to second
Batting: RHB Pedro Rosado 0-0: Called Strike
0-1: Ball
1-1: Ball
2-1: Foul Ball, location: 2F
2-2: Ground out U3 (Groundball, 3S)
Roberto García to third
Kent MacDulothe to second
Batting: LHB Matt Smith 0-0: Called Strike
0-1: Called Strike
0-2: Ball
1-2: Ball
2-2: Ball
3-2: Base on Balls
Batting: RHB Cordell Gibson 0-0: Fly out, F8 (Flyball, 8RD)
Top of the 7th over - 0 run(s), 1 hit(s), 0 error(s), 3 left on base; Toronto 5 - Madison 5
BOTTOM OF THE 7TH
Madison Bombers batting - Pitching for Toronto Titans : RHP Ralph Willaims
Pitching: RHP Vinícius Itaquy
Now at SS: Alberto Velásquez
Batting: RHB Vicente Aguirre 0-0: Foul Ball, location: 2F
0-1: Ball
1-1: Ball
2-1: Foul Ball, location: 2F
2-2: Ball
3-2: Ground out 4-3 (Groundball, 4M)
Batting: LHB Mike Callahan 0-0: Fly out, F9 (Line Drive, 89S)
Batting: RHB Sergio Márquez 0-0: Ball
1-0: Ball
2-0: Ball
3-0: SINGLE (Groundball, 2L) (infield hit)
Pinch Hitting: RHB Cris Fuentes 0-0: Ball
1-0: SINGLE (Line Drive, 4MD)
Sergio Márquez to second
Pinch Hitting: LHB Sixto Cantú 0-0: Called Strike
0-1: Foul Ball, location: 2F
0-2: Ball
1-2: Foul Ball, location: 2F
1-2: Strikes out swinging
Bottom of the 7th over - 0 run(s), 2 hit(s), 0 error(s), 2 left on base; Toronto 5 - Madison 5
TOP OF THE 8TH
Toronto Titans batting - Pitching for Madison Bombers : RHP Bill Bygrove
Pitching: RHP Ramiro Rivera
Now at 2B: Emílio Carrillo
Now in LF: Cris Fuentes
Batting: SHB Ramón Lugo 0-0: Called Strike
0-1: Ball
1-1: Ball
2-1: Foul Ball, location: 2F
2-2: Fly out, F5 (Line Drive, 5)
Batting: LHB Lewis Barr 0-0: Ball
1-0: Ball
2-0: Ball
3-0: Called Strike
3-1: Base on Balls
Batting: LHB José Rodríguez 0-0: Called Strike
0-1: Ball
1-1: Ball
2-1: Called Strike
2-2: Strikes out swinging
Batting: LHB Roberto García 0-0: Foul Ball, location: 2F
0-1: Foul Ball, location: 2F
0-2: Ball
1-2: Ball
2-2: Fly out, F8 (Flyball, 8LD)
Top of the 8th over - 0 run(s), 0 hit(s), 0 error(s), 1 left on base; Toronto 5 - Madison 5
BOTTOM OF THE 8TH
Madison Bombers batting - Pitching for Toronto Titans : RHP Vinícius Itaquy
Batting: SHB Dave MacThomas 0-0: DOUBLE (Groundball, 3L)
Batting: LHB Robin Hill 0-0: Intentional Walk
Batting: RHB Alonso Holguín 0-0: Called Strike
0-1: Ball
1-1: Sac Bunt - play at first, batter OUT! 1-4
Dave MacThomas to third
Robin Hill to second
Batting: LHB Seung-chun Mun 0-0: Intentional Walk
Batting: RHB Vicente Aguirre 0-0: Called Strike
0-1: Ball
1-1: Called Strike
1-2: SINGLE (Groundball, 6D)
Dave MacThomas scores
Robin Hill to third
Seung-chun Mun to second
Runner from 3rd tries for Home, SAFE, no throw or cutoff
Batting: LHB Mike Callahan 0-0: Ball
1-0: Called Strike
1-1: Ball
2-1: Grounds into double play, 6-4-3 (Groundball, 6M)
Bottom of the 8th over - 2 run(s), 2 hit(s), 0 error(s), 1 left on base; Toronto 5 - Madison 7
TOP OF THE 9TH
Toronto Titans batting - Pitching for Madison Bombers : RHP Ramiro Rivera
Pitching: RHP Alonso Gallardo
Batting: SHB Álex Rosado 0-0: Foul Ball, location: 2F
0-1: Ball
1-1: Reached on error, E2 (Groundball, 13S)
Batting: RHB Alberto Velásquez 0-0: Ball
1-0: Swinging Strike
1-1: Foul Ball, location: 2F
1-2: Strikes out swinging
Batting: RHB Pedro Rosado 0-0: Swinging Strike
0-1: Ground out 5-3 (Groundball, 56)
Batting: LHB Matt Smith 0-0: Ball
1-0: Ball
2-0: Ball
3-0: Called Strike
3-1: Foul Ball, location: 2F
3-2: Foul Ball, location: 2F
3-2: Base on Balls
Pinch Hitting: RHB Chris Parker 0-0: Ball
1-0: Foul Ball, location: 2F
1-1: Ball
2-1: Swinging Strike
2-2: Ball
3-2: Strikes out swinging
Top of the 9th over - 0 run(s), 0 hit(s), 1 error(s), 2 left on base; Toronto 5 - Madison 7
Monday, December 5th, 2016 - OOTP Baseball 17.12 Build 75